 Dungeon Crawl Stone Soup version 0.23-a0-586-gacb4b3f (webtiles) character file.

37662 KristoblXynda the Grappler (level 13, -6/114 HPs)
             Began as a Yellow Draconian Monk on Dec 18, 2018.
             Was the Champion of Cheibriados.
             Mangled by a vampire
             ... wielding a +0 lajatang of electrocution
              (10 damage)
             ... on level 14 of the Dungeon.
             The game lasted 00:43:31 (15559 turns).

KristoblXynda the Grappler (Yellow Draconian Monk) Turns: 15559, Time: 00:43:32

Health: -6/114     AC: 12    Str: 30    XL:     13   Next: 59%
Magic:  19/19      EV: 23    Int: 29    God:    Cheibriados [******]
Gold:   525        SH:  9    Dex: 29    Spells: 8/12 levels left

rFire    . . .     SeeInvis .     - Unarmed
rCold    + + .     Gourm    .   I - +2 buckler {reflect}
rNeg     + . .     Faith    .   (armour unavailable)
rPois    +         Spirit   .   e - +1 hat of the Dolphin {*Slow rC++ Slay+5}
rElec    .         Reflect  +   k - scarf {repulsion}
rCorr    +         Harm     .   f - +2 pair of gloves
MR       .....                  (no boots)
Stlth    ++++++....             D - amulet of Jekhled {rPois Regen+}
HPRegen  0.69/turn              d - ring of positive energy
MPRegen  0.16/turn              F - ring of stealth

@: about to teleport, repel missiles, very slow
A: spit acid, acid resistance, unfitting armour, cold-blooded, AC +8
a: Breathe Acid, Bend Time, Temporal Distortion, Slouch, Step From Time,
Renounce Religion


You were on level 14 of the Dungeon.
You worshipped Cheibriados.
Cheibriados was exalted by your worship.
You were hungry.

You visited 2 branches of the dungeon, and saw 15 of its levels.
You also visited: Sewer and Bailey.

You collected 717 gold pieces.
You spent 192 gold pieces at shops.

Inventory:

Hand Weapons
 H - the +8 rapier of Rape {venom, rF+}
   (You found it in a bailey)

   It poisons the flesh of those it strikes.
   It protects you from fire.
Missiles
 m - a throwing net (quivered)
Armour
 e - the +1 hat of the Dolphin (worn) {*Slow rC++ Slay+5}
   (You acquired it on level 11 of the Dungeon)

   It affects your accuracy and damage with ranged weapons and melee attacks
   (+5).
   It greatly protects you from cold.
   It may slow you when you take damage.
 f - a +2 pair of gloves (worn)
 k - a scarf of repulsion (worn)
 y - a +2 cloak
 I - a +2 buckler of reflection (worn)
Magical Staves
 E - an uncursed staff of wizardry
Jewellery
 d - a ring of positive energy (left hand)
 D - the amulet of Jekhled (around neck) {rPois Regen+}
   (You found it in a bailey)

   [amulet of regeneration]

   It protects you from poison.
   It increases your rate of regeneration.
 F - a ring of stealth (right hand)
 G - a +4 amulet of reflection
Wands
 n - a wand of iceblast (7)
 v - a wand of digging (5)
 A - a wand of paralysis (15)
Scrolls
 b - a scroll of enchant armour
 c - 9 scrolls of remove curse
 l - 2 scrolls of acquirement
 o - a scroll of immolation
 w - 2 scrolls of magic mapping
 x - 3 scrolls of amnesia
Potions
 g - 3 potions of brilliance
 h - 4 potions of might
 i - 3 potions of resistance
 j - 4 potions of agility
 p - a potion of invisibility
 q - a potion of cancellation {unknown}
 r - 7 potions of flight
 t - 6 potions of curing
 u - 3 potions of mutation
 z - a potion of haste
Miscellaneous
 C - a lamp of fire (inert)
Comestibles
 a - 15 rations


   Skills:
 + Level 10.3 Fighting
 + Level 10.0 Dodging
 - Level 10.0 Stealth
 + Level 2.7 Shields
 + Level 12.5 Unarmed Combat
 + Level 8.7 Invocations
 + Level 8.0 Evocations


You had 8 spell levels left.
You knew the following spells:

 Your Spells              Type           Power        Failure   Level  Hunger
a - Summon Lightning Spi  Summ/Air       #.......     75%         4    #####..

Your spell library contained the following spells:

 Spells                   Type           Power        Failure   Level  Hunger
 Sandblast                Erth           #.....       12%         1    ##.....
 Summon Small Mammal      Summ           #...         12%         1    ##.....
 Call Imp                 Summ           #.......     19%         2    ###....
 Sticks to Snakes         Tmut           #.......     19%         2    ###....
 Call Canine Familiar     Summ           #.......     34%         3    ####...
 Spider Form              Tmut/Pois      #.........   34%         3    ####...
 Summon Guardian Golem    Hex/Summ       #.......     34%         3    ####...
 Leda's Liquefaction      Hex/Erth       #.........   75%         4    #####..
 Summon Ice Beast         Ice/Summ       #.......     75%         4    #####..
 Blade Hands              Tmut           #.........   97%         5    ######.
 Irradiate                Conj/Tmut      #.........   97%         5    ######.


Dungeon Overview and Level Annotations

Branches:
Dungeon (14/15)            Temple (1/1) D:7            Lair (0/6) D:11
    Orc (0/2) D:12         Vaults (0/5) D:13

Altars:
Ashenzari
Cheibriados
Dithmenos
Elyvilon
Fedhas
Gozag
Hepliaklqana
Kikubaaqudgha
Makhleb
Nemelex Xobeh
Okawaru
Qazlal
Ru
Sif Muna
Trog
Uskayaw
Vehumet
Wu Jian
Xom
Yredelemnul
Zin
The Shining One

Shops:
D:4 !   D:6 *   D:10 [

Annotations:
D:11 4 runed doors, MalarOregon's ghost, journeyman MfTm


Innate Abilities, Weirdness & Mutations

You can spit globs of acid.
You are resistant to acid.
Your golden yellow scales are hard. (AC +8)
You cannot fit into any form of body armour.
You are cold-blooded and may be slowed by cold attacks.


Message History

A cyclops comes into view.
Something hits you!
You are electrocuted!
* * * LOW HITPOINT WARNING * * *
Something closely misses you.
A slime creature comes into view.
The cyclops throws a large rock.
The large rock is repelled.
Something hits you.
* * * LOW HITPOINT WARNING * * *
You are electrocuted!
* * * LOW HITPOINT WARNING * * *
Something bites you!
* * * LOW HITPOINT WARNING * * *
Something draws strength from your injuries!
Items here: ( )) ††††††† Unknown command.
As you read the scroll of teleportation, it crumbles to dust.
You feel strangely unstable.
The cyclops throws a large rock.
The large rock completely misses you. You block something's attack.
Something bites you!
You die...

#..###
####....
#..#....
...)..
..###....#
....J..†.#
....C.)((#
#@# #(#
#.# #.#
#.# #.#
#(# #.#
#.#


You could see a slime creature (wandering) and a cyclops.

Vanquished Creatures
  An orc warlord (Bailey)
  An ironheart preserver (D:13)
  An ogre mage (D:14)
  Erolcha (D:10)
  5 hydras
  2 two-headed ogres
  2 centaur warriors
  2 death knights (D:13)
  A tengu warrior (D:13)
  2 unseen horrors
  A flayed ghost (D:14)
  2 orc knights (Bailey)
  An ugly thing (D:11)
  6 manticores
  4 cyclopes
  Maurice (D:9)
  A guardian serpent (shapeshifter) (D:11)
  A gargoyle (D:14)
  A freezing wraith (D:14)
  2 tengu conjurers (D:13)
  An efreet (D:13)
  3 trolls
  3 hornets
  Grinder (D:5)
  A blink frog (shapeshifter) (D:12)
  Prince Ribbit (D:6)
  2 hippogriffs
  2 shadows
  A yak (shapeshifter) (D:14)
  3 wraiths
  Sigmund (D:2)
  A centaur simulacrum (D:14)
  4 vampires
  2 basilisks
  25 yaks
  Eustachio (D:5)
  Grum (D:10)
  A human (D:9)
  4 hungry ghosts
  A basilisk (shapeshifter) (D:13)
  A vampire mosquito (D:11)
  3 acid dragons
  A porcupine (D:11)
  6 orc warriors
  4 sky beasts
  4 phantoms
  A necrophage (D:9)
  4 ice beasts
  4 black bears
  6 ogres
  2 wolves (D:10)
  2 crocodiles
  8 centaurs
  2 big kobolds
  9 bullfrogs
  2 wyvern zombies
  3 scorpions
  2 wyvern skeletons
  6 killer bees (D:11)
  6 wights
  4 howler monkeys
  6 crimson imps
  4 centaur zombies
  A gnoll shaman (D:8)
  11 hounds
  A quasit (D:14)
  6 orc priests
  4 centaur skeletons
  10 jellies
  10 orc wizards
  Jessica (D:2)
  3 iguanas
  A killer bee zombie (D:6)
  8 worker ants
  2 hound zombies
  2 hound skeletons
  A worker ant zombie (D:7)
  10 gnolls
  2 river rats (Sewer)
  13 adders
  A hound simulacrum (D:11)
  4 shadow imps
  2 oozes
  An adder zombie (D:9)
  An adder skeleton (D:8)
  7 worms
  5 dart slugs
  4 leopard geckos
  36 orcs
  4 ball pythons
  5 giant cockroaches
  11 goblins
  8 hobgoblins
  15 jackals
  29 kobolds
  4 quokkas
  4 bats
  7 frilled lizards
  A giant cockroach zombie (D:6)
  A jackal zombie (D:8)
  A quokka skeleton (D:8)
  7 rats
431 creatures vanquished.

Vanquished Creatures (others)
  An unseen horror (D:14)
  A yak (D:13)
  A centaur (D:13)
  2 kobolds
  9 fungi (D:11)
  7 plants (D:11)
21 creatures vanquished.

Grand Total: 452 creatures vanquished

Notes
Turn   | Place    | Note
-------+----------+-------------------------------------------
     0 | D:1      | KristoblXynda the Draconian Monk began the quest for the
                  | Orb.
     0 | D:1      | Reached XP level 1. HP: 19/19 MP: 1/1
   208 | D:1      | Reached XP level 2. HP: 19/26 MP: 2/2
   658 | D:1      | Found a shimmering altar of Xom.
   902 | D:2      | Reached XP level 3. HP: 25/31 MP: 3/3
  1104 | D:2      | Noticed Jessica
  1123 | D:2      | Killed Jessica
  1123 | D:2      | Reached skill level 4 in Unarmed Combat
  1124 | D:2      | Reached XP level 4. HP: 25/38 MP: 4/4
  1496 | D:2      | Noticed Sigmund
  1522 | D:2      | Killed Sigmund
  1522 | D:2      | Reached skill level 5 in Unarmed Combat
  1522 | D:2      | Reached XP level 5. HP: 37/45 MP: 5/5
  1945 | D:3      | Found an ancient bone altar of Kikubaaqudgha.
  1954 | D:3      | Reached XP level 6. HP: 51/51 MP: 6/6
  2043 | D:3      | Noticed a moth of wrath
  2046 | D:3      | Found a bloodstained altar of Trog.
  3267 | D:3      | Found a burning altar of Makhleb.
  3355 | D:4      | Found Plog's Distillery.
  3428 | D:4      | Found a glowing drain.
  3440 | Sewer    | Entered a sewer
  3692 | Sewer    | Reached skill level 6 in Unarmed Combat
  3708 | Sewer    | Found a glowing silver altar of Zin.
  3757 | D:4      | Your scales start taking on a golden yellow colour.
  3757 | D:4      | Reached XP level 7. HP: 38/57 MP: 7/7
  4459 | D:5      | Entered Level 5 of the Dungeon
  4468 | D:5      | Found an opulent altar of Gozag.
  4523 | D:5      | Reached skill level 7 in Unarmed Combat
  4641 | D:5      | Reached skill level 5 in Dodging
  4641 | D:5      | Reached XP level 8. HP: 58/63 MP: 8/8
  4643 | D:5      | Found a white marble altar of Elyvilon.
  4685 | D:5      | Reached skill level 5 in Stealth
  4909 | D:5      | Noticed Eustachio
  4973 | D:5      | Killed Eustachio
  4973 | D:5      | Reached skill level 8 in Unarmed Combat
  5366 | D:5      | Noticed Grinder
  5379 | D:5      | Killed Grinder
  5680 | D:6      | Found Nenak's Assorted Antiques.
  5758 | D:6      | Reached XP level 9. HP: 56/71 MP: 9/9
  6067 | D:6      | Noticed Prince Ribbit
  6187 | D:6      | Reached skill level 9 in Unarmed Combat
  6255 | D:6      | Killed Prince Ribbit
  6711 | D:7      | Reached skill level 5 in Fighting
  6945 | D:7      | Found a staircase to the Ecumenical Temple.
  6978 | Temple   | Entered the Ecumenical Temple
  7003 | Temple   | Became a worshipper of Cheibriados the Contemplative
  7003 | Temple   | Reached * piety under Cheibriados
  7003 | Temple   | Reached ** piety under Cheibriados
  7451 | D:7      | Reached skill level 10 in Unarmed Combat
  7630 | D:8      | Reached XP level 10. HP: 74/83 MP: 10/10
  7690 | D:8      | Reached skill level 1 in Invocations
  7694 | D:8      | Reached skill level 1 in Evocations
  7925 | D:8      | Reached *** piety under Cheibriados
  8342 | D:9      | Noticed Maurice
  8359 | D:9      | Killed Maurice
  8508 | D:9      | Found a hazy altar of Hepliaklqana.
  8552 | D:9      | Found a deep blue altar of Sif Muna.
  8556 | D:9      | Found an iron altar of Okawaru.
  8559 | D:9      | Found an ornate altar of the Wu Jian Council.
  8838 | D:10     | Entered Level 10 of the Dungeon
  8912 | D:10     | Reached **** piety under Cheibriados
  8957 | D:10     | Noticed Erolcha
  8983 | D:10     | Killed Erolcha
  8987 | D:10     | Noticed a two-headed ogre
  9053 | D:10     | Killed an unseen horror
  9061 | D:10     | Found an opulent altar of Gozag.
  9590 | D:10     | Noticed Grum
  9603 | D:10     | Killed Grum
  9705 | D:10     | Found Faarey's Armour Shop.
  9713 | D:10     | Bought a scarf of repulsion for 192 gold pieces
  9751 | D:10     | Killed a two-headed ogre
  9751 | D:10     | Reached XP level 11. HP: 92/92 MP: 12/14
  9909 | D:10     | Reached ***** piety under Cheibriados
 10130 | D:11     | Noticed a centaur warrior
 10364 | D:10     | Learned a level 4 spell: Summon Lightning Spire
 10372 | D:11     | Killed a centaur warrior
 10410 | D:11     | Reached skill level 11 in Unarmed Combat
 10570 | D:11     | Found a runed gate.
 10570 | D:11     | Found a runed gate.
 10570 | D:11     | Found a runed gate.
 10570 | D:11     | Noticed a red ugly thing
 10582 | D:11     | Noticed an eight-headed hydra
 10595 | D:11     | Killed an eight-headed hydra
 10860 | D:11     | Reached skill level 5 in Invocations
 10900 | D:11     | Identified a scroll of acquirement
 10904 | D:11     | Got a polished hat
 10910 | D:11     | Identified the +1 hat of the Dolphin {*Slow rC++ Slay+5}
                  | (You acquired it on level 11 of the Dungeon)
 10971 | D:11     | Killed a red ugly thing
 11371 | D:11     | Found a staircase to the Lair.
 11424 | D:11     | Found a runed door.
 11439 | D:11     | Reached skill level 5 in Evocations
 11675 | D:11     | Noticed an ice dragon
 11683 | D:11     | Identified Bytiudup's Catalogue of Unstable Earth
 11750 | D:11     | Noticed MalarOregon's ghost (journeyman MfTm)
 12056 | D:12     | Reached XP level 12. HP: 42/103 MP: 16/16
 12176 | D:12     | Reached ****** piety under Cheibriados
 12355 | D:12     | Noticed a two-headed ogre
 12363 | D:12     | Killed a two-headed ogre
 12372 | D:12     | Found a flagged portal.
 12384 | Bailey   | Entered a bailey
 12421 | Bailey   | Noticed an orc warlord
 12599 | Bailey   | Found a runed gate.
 12601 | Bailey   | Found a runed gate.
 12626 | Bailey   | Found a runed gate.
 13084 | Bailey   | Killed an orc warlord
 13112 | Bailey   | Got a twitching tin amulet
 13122 | Bailey   | Got a fine rapier
 13124 | Bailey   | Identified the +8 rapier of Rape {venom, rF+} (You found it
                  | in a bailey)
 13743 | D:12     | Found a staircase to the Orcish Mines.
 13743 | D:12     | Noticed a seven-headed hydra
 13752 | D:12     | Killed a seven-headed hydra
 13889 | D:13     | Noticed a tengu warrior
 13903 | D:13     | Killed a tengu warrior
 14044 | D:13     | Noticed a death knight
 14052 | D:13     | Noticed a death knight
 14052 | D:13     | Noticed an ironheart preserver
 14242 | D:13     | Reached skill level 12 in Unarmed Combat
 14349 | D:13     | Killed a death knight
 14362 | D:13     | Killed a death knight
 14595 | D:13     | Noticed an eight-headed hydra
 14604 | D:13     | Killed an eight-headed hydra
 14604 | D:13     | Reached skill level 10 in Stealth
 14604 | D:13     | Reached XP level 13. HP: 28/112 MP: 18/18
 14844 | D:13     | Found a gate to the Vaults.
 15012 | D:13     | Killed an ironheart preserver
 15300 | D:13     | Reached skill level 10 in Fighting
 15491 | D:14     | Identified the amulet of Jekhled {rPois Regen+} (You found
                  | it in a bailey)
 15501 | D:14     | Reached skill level 1 in Shields
 15528 | D:14     | Reached skill level 10 in Dodging
 15558 | D:14     | HP: 4/114 [something (9)]
 15559 | D:14     | Mangled by a vampire

Vault maps used:
D:1:      matt_arrival_grand_opening, serial_forest, infiniplex_forest_zigzag_2,
          infiniplex_forest_lined_3_way, infiniplex_forest_straight_2,
          infiniplex_forest_clump_medium, infiniplex_forest_straight_4,
          infiniplex_forest_lined_2, infiniplex_forest_straight_3,
          infiniplex_forest_lined_4_way, infiniplex_forest_clump_tiny,
          infiniplex_forest_clump_C, hex_tiny, xom_teletrap_fun
D:2:      uniq_sigmund, uniq_jessica
D:3:      lemuel_doored_altar, tgw_trog, makhleb_blood_cavern_becter
D:4:      cheibrodos_sewer_entry_bend, serial_shops, shop
D:5:      kennysheep_mini, elyvilon_altar_5, first_ration, minmay_diced_spiral,
          uniq_eustachio, uniq_grinder
D:6:      serial_shops, shop, uniq_prince_ribbit1
D:7:      minmay_temple_entry_stoned_glass
D:9:      kennysheep_mini_moat, minmay_overflow_temple_star_quad,
          grunt_pizzeria, uniq_maurice
D:10:     serial_shops, shop, grunt_gozag_statues, uniq_grum, uniq_erolcha
D:11:     minmay_the_grid_triangle_9x9_recursive_2_mashed,
          grunt_lair_entry_orc_guard_hut, gammafunk_ghost_nasty_kobolds
D:12:     orc_0_dummy, enter_bailey_2
D:13:     skrybe_vaults_entry_preservation
D:14:     hangedman_cross_cluster, serial_shops, shop,
          chequers_serial_rivers_micro_d, minmay_protected_statue
Temple:   nicolae_temple_great_sept
Sewer:    sewer_kobolds
Bailey:   bailey_axe_bossmonster_kennysheep, bailey

Skill      XL: |  1  2  3  4  5  6  7  8  9 10 11 12 13 |
---------------+----------------------------------------+-----
Stealth        | 2 3 4 5 7 8 9 10 | 10.0
Dodging        | 3 4 5 6 7 8 9 10 | 10.0
Unarmed Combat | 4 5 6 7 8 10 11 12 | 12.5
Fighting       | 4 5 7 8 9 10 | 10.3
Invocations    | 4 5 7 8 |  8.7
Evocations     | 3 5 7 8 |  8.0
Shields        | 2 |  2.7

Action                   |  1- 3 |  4- 6 |  7- 9 | 10-12 | 13-15 || total
-------------------------+-------+-------+-------+-------+-------++-------
Melee: Unarmed           |    65 |   203 |   442 |   627 |    96 ||  1433
       Tailslap          |    10 |    30 |    67 |   172 |    23 ||   302
       Punch             |     4 |     8 |    14 |    65 |     5 ||    96
 Abil: Breathe Acid      |       |       |    15 |    20 |     1 ||    36
Evoke: Wand              |       |       |       |    14 |     1 ||    15
       Lamp of fire      |       |       |       |       |     1 ||     1
  Use: Scroll            |       |     7 |     6 |    19 |     2 ||    34
       Potion            |       |     1 |     1 |    10 |       ||    12
 Stab: Sleeping          |     4 |    10 |    13 |    13 |     5 ||    45
       Distracted        |       |       |       |     5 |     1 ||     6
       Paralysed         |       |       |       |    12 |       ||    12
  Eat: Chunk             |     1 |     8 |     8 |     3 |     2 ||    22
       Ration            |       |       |     3 |     3 |       ||     6
Armor: Skin              |    17 |    44 |   108 |   171 |    18 ||   358
Dodge: Dodged            |    44 |   117 |   280 |   577 |    73 ||  1091
       Deflected         |       |       |       |       |     5 ||     5
Block: Other             |       |       |       |    96 |     6 ||   102
       Reflection        |       |       |       |     6 |     3 ||     9
       Buckler           |       |       |       |       |    27 ||    27

Table legend:
 A = Non-vault XP
 B = Vault XP
 C = Vault XP percentage of total XP
 D = Non-vault monster count
 E = Vault monster count
 F = Vault count percentage of total count
                 A         B        C        D         E       F
            +---------+---------+-------+---------+---------+-------
      Total |   32424 |   21380 |  39.7 |     330 |     103 |  23.8
            +---------+---------+-------+---------+---------+-------
        D:1 |      31 |       0 |   0.0 |      14 |       0 |   0.0
        D:2 |      87 |     245 |  73.8 |      20 |       2 |   9.1
        D:3 |     137 |      59 |  30.1 |      24 |       6 |  20.0
        D:4 |     544 |      10 |   1.8 |      14 |       2 |  12.5
        D:5 |     520 |     647 |  55.4 |      12 |       5 |  29.4
        D:6 |     773 |     268 |  25.7 |      29 |       1 |   3.3
        D:7 |    1591 |       0 |   0.0 |      22 |       0 |   0.0
        D:8 |    1317 |       0 |   0.0 |      41 |       0 |   0.0
        D:9 |     603 |     637 |  51.4 |      11 |       2 |  15.4
       D:10 |    4349 |    1507 |  25.7 |      32 |       4 |  11.1
       D:11 |    4292 |    3335 |  43.7 |      17 |      18 |  51.4
       D:12 |    7785 |       0 |   0.0 |      39 |       0 |   0.0
       D:13 |    9763 |    3292 |  25.2 |      49 |       8 |  14.0
       D:14 |     632 |    8144 |  92.8 |       6 |      20 |  76.9
      Sewer |       0 |     133 | 100.0 |       0 |       8 | 100.0
     Bailey |       0 |    3103 | 100.0 |       0 |      27 | 100.0
            +---------+---------+-------+---------+---------+-------
